 Dungeon Crawl Stone Soup version 0.27.1-35-g4d5d836560 (webtiles) character file.

Game seed: 13713020177058881543

84 Delamore the Sneak (level 4, -4/29 HPs)
             Began as an Octopode Brigand on May 19, 2022.
             Slain by an orc priest (6 damage)
             ... on level 3 of the Dungeon.
             The game lasted 00:01:46 (1573 turns).

Delamore the Sneak (Octopode Brigand)               Turns: 1573, Time: 00:01:47

Health: -4/29      AC:  1    Str: 10    XL:     4   Next: 45%
Magic:  4/4        EV: 12    Int: 13    God:
Gold:   63         SH:  0    Dex: 14    Spells: 3/3 levels left

rFire    . . .     SeeInvis .   h - +1 short sword (elec)
rCold    . . .     Faith    .   (no shield)
rNeg     . . .     Spirit   .   (helmet restricted)
rPois    .         Reflect  .   (no amulet)
rElec    .         Harm     .   (no ring)
rCorr    .         Rampage  .   (no ring)
Will     .....                  (no ring)
Stlth    ++++......             (no ring)
HPRegen  0.09/turn              (no ring)
MPRegen  0.09/turn              (no ring)
                                (no ring)
                                (no ring)

@: no status effects
A: almost no armour, amphibious, 8 rings, camouflage 1, gelatinous body 1,
(nimble swimmer 1), tentacles
a: no special abilities


You were on level 3 of the Dungeon.
You visited 1 branch of the dungeon, and saw 3 of its levels.

You collected 63 gold pieces.

Inventory:

Hand Weapons
 a - a +2 dagger
 h - a +1 short sword of electrocution (weapon)
Missiles
 b - 8 poisoned darts
 c - 2 curare-tipped darts
 g - 24 stones (quivered)
 l - 6 boomerangs
Scrolls
 d - a scroll of noise {unknown}
 e - a scroll of fog {unknown}
 i - a scroll of teleportation {unknown}
 j - a scroll of amnesia {unknown}
Potions
 f - a potion of degeneration {unknown}
 k - a potion of heal wounds {unknown}
 m - 2 potions of might {unknown}
 n - a potion of attraction {unknown}
 o - 2 potions of haste {unknown}


   Skills:
 - Level 2.0 Fighting
 * Level 3.9 Short Blades
 + Level 3.0 Throwing
 - Level 1.0 Dodging
 - Level 5.3 Stealth


You had 3 spell levels left.
You didn't know any spells.
Your spell library contained the following spells:

 Spells                   Type           Power      Damage    Failure   Level
 Sublimation of Blood     Necr           0%         N/A       43%         2
 Wereblood                Tmut           0%         N/A       43%         2
 Summon Guardian Golem    Hex/Summ       0%         N/A       67%         3
 Orb of Destruction       Conj           0%         N/A       100%        7
 Spellforged Servitor     Conj/Summ      0%         N/A       100%        7
 Summon Hydra             Summ           0%         N/A       100%        7
 Chain Lightning          Conj/Air       0%         N/A       100%        9
 Fire Storm               Conj/Fire      0%         5d1       100%        9


Dungeon Overview and Level Annotations

Branches:
Dungeon (3/15)

Altars:


Innate Abilities, Weirdness & Mutations

You cannot wear most types of armour.
You are amphibious.
You can wear up to eight rings at the same time.
Your skin changes colour to match your surroundings (Stealth+).
Your rubbery body absorbs attacks. (AC +1, EV +1)
((You are camouflaged near water. (Stealth+)))
You have tentacles for arms and can constrict up to eight enemies at once.


Message History

The orc is moderately wounded.
The orc hits you with a +0 falchion!
You hit the orc but do no damage. Your grab misses the orc.
The orc is moderately wounded.
The orc barely misses you.
You closely miss the orc. Your grab misses the orc.
The orc is moderately wounded.
The orc closely misses you.
A scorpion comes into view.
You hit the orc. You grab the orc. You squeeze the orc.
You kill the orc!
The orc priest shouts!
You hit the hobgoblin. Your grab misses the hobgoblin.
The hobgoblin is almost dead.
You hear a shout!
The hobgoblin hits you.
You hit the hobgoblin.
You kill the hobgoblin!
You hit the kobold.
You kill the kobold!
You throw a stone. The stone closely misses the orc.
You closely miss the orc. You grab the orc. You constrict the orc.
The orc misses you.
You hit the orc.
The orc is severely wounded.
You constrict the orc. The orc completely misses you.
You hit the orc. Lightning courses through the orc!
You kill the orc!
The orc priest calls down the wrath of Beogh upon you.
Pain shoots through your body!
The orc priest mumbles some strange prayers to Beogh against you.
Beogh smites you!
* * * LOW HITPOINT WARNING * * *
Things that are here:
a +0 hand axe; a +0 short sword; a kobold corpse You closely miss the orc priest.
You grab the orc priest. You squeeze the orc priest!
The orc priest is heavily wounded.
You constrict the orc priest. The orc priest hits you with a +0 club.
You die...

#...#.#.#.#.#.#.#
#...(.#.#.#.#.#.#
#.#..(#.#.#.#.#.#
#....(#.#.#.#.#
#.#.|.#(#.#.#.#
.#.....#(#.#.#
#.#K..#.#K#(#.#
##########o.###
####@.# #.....#
#.....# ###.....#
#......>#
######.#...#####
#......).......#
#.##.#†#######.#
#.##^#.#


You could see an orc priest and a kobold.

Vanquished Creatures
  3 adders (D:2)
  A worm (D:2)
  4 orcs (D:3)
  3 bats
  An endoplasm (D:2)
  3 giant cockroaches
  6 hobgoblins
  4 kobolds
  A quokka (D:1)
  10 ball pythons
  2 frilled lizards (D:2)
  5 goblins
  6 rats
49 creatures vanquished.

Notes
Turn   | Place    | Note
-------+----------+-------------------------------------------
     0 | D:1      | Delamore the Octopode Brigand began the quest for the Orb.
     0 | D:1      | Reached XP level 1. HP: 14/14 MP: 1/1
   188 | D:1      | Reached XP level 2. HP: 19/19 MP: 2/2
   866 | D:2      | Reached XP level 3. HP: 21/24 MP: 3/3
  1289 | D:2      | Reached XP level 4. HP: 29/29 MP: 4/4
  1562 | D:3      | Noticed a scorpion
  1573 | D:3      | Slain by an orc priest

Illustrated notes

Levels and vault maps discovered:
D:1:      dpeg_arrival_houses_and_road, layout_basic, bh_walls_and_bars
D:2:      layout_basic, serial_park_tiny_pond, minmay_misc_feat_alley
D:3:      layout_basic, nicolae_kikubaaqudgha_miasma_corner,
          gup_sewer_entry_bowl

Skill      XL: |  1  2  3  4 |
---------------+-------------+-----
Short Blades   | 3 |  3.9
Throwing       | 3 |  3.0
Fighting       | |  2.0
Dodging        | |  1.0
Stealth        | |  5.3

Action                   |  1- 3 |  4- 6 || total
-------------------------+-------+-------++-------
Melee: Dagger            |    38 |       ||    38
       Constrict         |    14 |     4 ||    18
       Tentacles         |     7 |     2 ||     9
       Short sword       |    20 |    18 ||    38
Throw: Stone             |     5 |    18 ||    23
 Stab: Sleeping          |    13 |     3 ||    16
Armor: Skin              |     3 |       ||     3
Dodge: Dodged            |    29 |     7 ||    36
